 Dungeon Crawl Stone Soup version 0.24.1-1-gd1d2a07e1b (webtiles) character file.

Game seed: 651412043665244891, levelgen mode: deterministic

61 Descartes the Magician (level 3, -3/19 HPs)
             Began as a Deep Elf Air Elementalist on Apr 9, 2020.
             Slain by a scorpion (6 damage)
             ... on level 3 of the Dungeon.
             The game lasted 00:05:42 (2489 turns).

Descartes the Magician (Deep Elf Air Elementalist)  Turns: 2489, Time: 00:05:43

Health: -3/19      AC:  2    Str:  5    XL:     3   Next: 83%
Magic:  1/10       EV: 12    Int: 20    God:
Gold:   80         SH:  0    Dex: 15    Spells: 8/9 levels left

rFire    . . .     SeeInvis .   k - +0 dagger
rCold    . . .     Gourm    .   (no shield)
rNeg     . . .     Faith    .   a - +0 robe
rPois    .         Spirit   .   (no helmet)
rElec    .         Reflect  .   (no cloak)
rCorr    .         Harm     .   (no gloves)
MR       .....                  (no boots)
Stlth    ++........             (no amulet)
HPRegen  0.06/turn              (no ring)
MPRegen  0.12/turn              (no ring)

@: lethally poisoned (-3 -> -18), very slightly contaminated, heavily drained
A: no striking features
a: no special abilities


You were on level 3 of the Dungeon.
You were hungry.

You visited 1 branch of the dungeon, and saw 3 of its levels.

You collected 80 gold pieces.

Inventory:

Hand Weapons
 k - a +0 dagger (weapon)
Missiles
 e - 3 boomerangs (quivered)
 f - 42 stones
Armour
 a - a +0 robe (worn)
Scrolls
 b - a scroll of identify {unknown}
 g - a scroll of enchant armour {unknown}
Potions
 d - a potion of degeneration {unknown}
 h - 5 potions of curing {unknown}
 i - a potion of might {unknown}
Comestibles
 c - 3 rations
 j - 2 chunks of flesh


   Skills:
 + Level 3.1(1.5) Dodging
 + Level 3.2(1.5) Stealth
 + Level 3.6(1.9) Spellcasting
 + Level 2.0(0.4) Conjurations
 + Level 3.4(1.7) Air Magic


You had 8 spell levels left.
You knew the following spells:

 Your Spells              Type           Power        Failure   Level  Hunger
a - Shock                 Conj/Air       #...         10%         1    #......

Your spell library contained the following spells:

 Spells                   Type           Power        Failure   Level  Hunger
 Swiftness                Chrm/Air       #.......     17%         2    ###....
 Static Discharge         Conj/Air       #.......     30%         3    ###....
 Airstrike                Air            #.........   58%         4    #####..
 Lightning Bolt           Conj/Air       #.........   95%         5    ######.


Dungeon Overview and Level Annotations

Branches:
Dungeon (3/15)

Altars:


Message History

You closely miss the scorpion.
The scorpion is heavily wounded.
You feel sick. The scorpion closely misses you.
You hit the scorpion but do no damage.
The scorpion is heavily wounded.
The scorpion stings you.
You are lethally poisoned!
The scorpion poisons you!
You hit the scorpion but do no damage.
The scorpion is heavily wounded.
You feel sick. The scorpion barely misses you.
You barely miss the scorpion.
The scorpion is heavily wounded.
You feel sick. The scorpion stings you.
* * * LOW HITPOINT WARNING * * *
You closely miss the scorpion.
The scorpion is heavily wounded.
* * * LOW HITPOINT WARNING * * *
You feel sick. The scorpion stings you.
You die...

....................
#..........."....#
#......######....#
#......# #....#
#......# #....#
#......# #....#
#......# #.....
#.###### #....# #@#
#..... #s# #.<..#
#.. ###### ....
#.##.......#
..#.......# #
#.#.......#
.##.#.......#
...........#


You could see a scorpion.

Vanquished Creatures
  2 adders (D:2)
  2 worms (D:2)
  A leopard gecko (D:2)
  2 giant cockroaches (D:2)
  3 hobgoblins (D:1)
  3 jackals (D:1)
  A quokka (D:2)
  4 bats
  4 frilled lizards
  7 goblins
  5 kobolds
  A rat (D:3)
35 creatures vanquished.

Notes
Turn   | Place    | Note
-------+----------+-------------------------------------------
     0 | D:1      | Descartes the Deep Elf Air Elementalist began the quest for
                  | the Orb.
     0 | D:1      | Reached XP level 1. HP: 10/10 MP: 6/6
   544 | D:1      | Reached XP level 2. HP: 15/15 MP: 6/8
  1364 | D:2      | Reached XP level 3. HP: 15/19 MP: 0/9
  2362 | D:3      | Noticed a scorpion
  2489 | D:3      | Slain by a scorpion

Levels and vault maps discovered:
D:1:      dpeg_arrival_central, layout_basic
D:2:      layout_loops_ring, grunt_ministairs_6
D:3:      layout_basic, nicolae_overflow_hidden_temple, grunt_gozag_statues,
          first_ration, uniq_sigmund

Skill      XL: |  1  2  3 |
---------------+----------+-----
Stealth        | 3 |  3.2
Dodging        | 3 |  3.1
Conjurations   | 2 |  2.0
Spellcasting   | |  3.6
Air Magic      | |  3.4

Action                   || total
-------------------------++-------
Melee: Unarmed           ||     8
       Dagger            ||     7
 Cast: Shock             ||   104
  Use: Potion            ||     1
  Eat: Chunk             ||     4
Armor: Robe              ||     9
Dodge: Dodged            ||    28
